 Dungeon Crawl Stone Soup version 0.20.1-1-g8b1a95d (webtiles) character file.

403 Monsterracer the Conjurer (level 6, -1/36 HPs)
             Began as an Octopode Wizard on Sept 16, 2017.
             Slain by a gnoll
             ... wielding a +0 spear
              (9 damage)
             ... on level 4 of the Dungeon.
             The game lasted 00:09:17 (4381 turns).

Monsterracer the Conjurer (Octopode Wizard)         Turns: 4381, Time: 00:09:17

Health: -1/36      AC:  3    Str:  6    XL:     6   Next: 86%
Magic:  0/10       EV: 13    Int: 23    God:
Gold:   154        SH:  0    Dex: 10    Spells: 0/11 levels left

rFire    + . .     SeeInvis .   a - +2 spear (venom)
rCold    x . .     Gourm    .   (no shield)
rNeg     . . .     Faith    .   f - +2 hat
rPois    .         Spirit   .   m - amulet of inaccuracy (curse)
rElec    .         Reflect  .   p - ring of fire
rCorr    .         Harm     .   (no ring)
MR       .....                  (no ring)
Stlth    +++.......             (no ring)
Regen    0.2/turn               (no ring)
MPRegen  0.2/turn               (no ring)
                                (no ring)
                                (no ring)

@: no status effects
A: almost no armour, stealthy swim, amphibious, 8 rings, constrict 8, camouflage
1, gelatinous body 1
a: no special abilities


You were on level 4 of the Dungeon.
You were hungry.

You visited 1 branch of the dungeon, and saw 4 of its levels.

You collected 154 gold pieces.

Inventory:

Hand Weapons
 a - a +2 spear of venom (weapon)
 b - a +0 rapier
 t - a +1 flail of protection
Armour
 f - a +2 hat (worn)
Jewellery
 m - a cursed amulet of inaccuracy (around mantle)
 p - a ring of fire (left tentacle)
Wands
 g - a wand of iceblast (5/15)
 q - a wand of scattershot (7/9)
Scrolls
 o - 2 scrolls of enchant armour
 s - 2 scrolls of teleportation
Potions
 d - 3 potions of curing {unknown}
 e - a potion of ambrosia {unknown}
 h - 4 potions of lignification
 j - a potion of flight
 k - a potion of might {unknown}
 n - a potion of agility {unknown}
Comestibles
 c - 2 bread rations
 i - a royal jelly
 l - 4 meat rations
 r - a chunk of flesh


   Skills:
 - Level 2.0 Dodging
 - Level 2.6 Stealth
 - Level 3.0 Spellcasting
 + Level 6.8 Conjurations
 - Level 1.0 Summonings
 - Level 1.0 Translocations


You couldn't memorise any spells.
You knew the following spells:

 Your Spells              Type           Power        Failure   Level  Hunger
a - Magic Dart            Conj           ####         1%          1    None
b - Conjure Flame         Conj/Fire      ####....     9%          3    ###....
c - Mephitic Cloud        Conj/Pois/Air  ##......     14%         3    ###....
d - Call Imp              Summ           #.......     12%         2    ##.....
e - Blink                 Tloc           N/A          12%         2    ##.....


Dungeon Overview and Level Annotations

Branches:
Dungeon (4/15)
 Temple: D:4-7

Altars:
Cheibriados
Trog


Innate Abilities, Weirdness & Mutations

You cannot wear most types of armour.
You are very stealthy in the water. (Stealth+)
You are amphibious.
You can wear up to eight rings at the same time.
You can use your tentacles to constrict eight enemies at once.
Your skin changes colour to match your surroundings (Stealth+).
Your rubbery body absorbs attacks. (AC +1, EV +1)


Message History

You feel a surge of power!
The fire ignites!
* * * LOW MAGIC WARNING * * *
The gnoll closely misses you. The gnoll hits you but does no damage.
You see here a robe.
You are no longer glowing.
Casting: Conjure Flame
Confirm with . or Enter, or press ? or * to list all spells.
Okay, then.
Casting: Conjure Flame
Confirm with . or Enter, or press ? or * to list all spells.
Aiming: Mephitic Cloud
Press: ? - help, Shift-Dir - straight line, f - gnoll
Aim: a gnoll, wielding a spear (fast)
The ball explodes into a vile cloud!
The stinking cloud engulfs the gnoll.
* * * LOW MAGIC WARNING * * *
You are feeling hungry.
You hear an angry hiss.
The gnoll is engulfed in noxious fumes.
The gnoll hits you from afar with a spear!
You die...

###.#.#######..#.###.####
#.#####...[..#<........
#.....#####.######.####
#.###.# #.# #..##.# #.#
#...### #.# #.#.# #.#
#..#### #.## #
#..#..#####.@# .#
#...###.....§######## ###.##
#.....#####.g§....... ... .#
#..#.## #§..####### #.#..#
#....# #...# #######.#..#
#[#..# #...###...[.....>#
#..#.## #.....#.#####.##.#
#...#.# #...#...g....)...#
#.....#####............#.###


You could see a gnoll.

Vanquished Creatures
  A phantom (D:4)
  A scorpion (D:4)
  A howler monkey (D:4)
  A gnoll shaman (D:4)
  Natasha (D:3)
  5 gnolls
  2 adders
  3 worms
  A dart slug (D:1)
  A leopard gecko (D:1)
  13 orcs
  2 ball pythons
  8 bats
  5 giant cockroaches
  7 goblins
  6 hobgoblins
  8 jackals
  5 kobolds
  4 quokkas
  2 frilled lizards
  A leopard gecko skeleton (D:4)
  9 rats
87 creatures vanquished.

Notes
Turn   | Place    | Note
-------+----------+-------------------------------------------
     0 | D:1      | Monsterracer the Octopode Wizard began the quest for the Orb.
     0 | D:1      | Reached XP level 1. HP: 11/11 MP: 4/4
    53 | D:1      | HP: 5/11 [goblin (3)]
    59 | D:1      | HP: 3/11 [goblin (1)]
    62 | D:1      | Reached skill level 2 in Conjurations
    62 | D:1      | Reached XP level 2. HP: 5/17 MP: 1/6
   949 | D:1      | Reached XP level 3. HP: 21/21 MP: 4/7
   954 | D:1      | Learned a level 3 spell: Conjure Flame
   958 | D:1      | Learned a level 3 spell: Mephitic Cloud
  1191 | D:2      | Reached skill level 3 in Conjurations
  1271 | D:2      | Found a snail-covered altar of Cheibriados.
  1577 | D:2      | Reached XP level 4. HP: 27/27 MP: 1/8
  1640 | D:2      | Learned a level 2 spell: Blink
  1827 | D:2      | Reached skill level 4 in Conjurations
  2189 | D:2      | HP: 12/27 [jackal (2)]
  2580 | D:3      | Found a bloodstained altar of Trog.
  2782 | D:3      | Noticed Natasha
  2790 | D:3      | Killed Natasha
  2790 | D:3      | Reached XP level 5. HP: 31/31 MP: 0/9
  3013 | D:3      | Reached skill level 5 in Conjurations
  3146 | D:4      | Noticed a phantom
  3215 | D:4      | HP: 14/31 [phantom (2)]
  3220 | D:4      | HP: 11/31 [phantom (3)]
  3231 | D:4      | HP: 5/31 [phantom (7)]
  3247 | D:4      | Killed a phantom
  3247 | D:4      | Reached XP level 6. HP: 6/36 MP: 0/10
  3251 | D:4      | Learned a level 2 spell: Call Imp
  3547 | D:4      | Reached skill level 6 in Conjurations
  3657 | D:4      | HP: 10/36 [scorpion (9)]
  4360 | D:4      | HP: 13/36 [gnoll/spear (8)]
  4363 | D:4      | HP: 6/36 [gnoll/spear (7)]
  4381 | D:4      | Slain by a gnoll

Skill      XL: |  1  2  3  4  5  6 |
---------------+-------------------+-----
Conjurations   | 2 3 4 5 6 |  6.8
Dodging        | |  2.0
Stealth        | |  2.6
Spellcasting   | |  3.0
Summonings     | |  1.0
Translocations | |  1.0

Action                   |  1- 3 |  4- 6 || total
-------------------------+-------+-------++-------
Melee: Unarmed           |    27 |       ||    27
       Constrict         |    12 |    14 ||    26
       Tentacles         |     7 |     7 ||    14
       Spear             |    18 |    96 ||   114
 Cast: Magic Dart        |    46 |   103 ||   149
       Conjure Flame     |     2 |     4 ||     6
       Mephitic Cloud    |     1 |     2 ||     3
  Use: Scroll            |       |     8 ||     8
 Stab: Sleeping          |     4 |     1 ||     5
  Eat: Chunk             |     2 |     9 ||    11
Armor: Skin              |     6 |    11 ||    17
Dodge: Dodged            |    27 |    78 ||   105
